 Dungeon Crawl Stone Soup version 0.27-a0-1154-gfdeffcb (webtiles) character file.

Game seed: 541349289053249419

81 Meow the Stinger (level 4, 36/36 HPs)
             Began as a Naga Venom Mage on May 14, 2021.
             Quit the game on level 3 of the Dungeon.
             The game lasted 00:05:35 (1424 turns).

Meow the Stinger (Naga Venom Mage)                  Turns: 1424, Time: 00:05:36

Health: 36/36      AC:  3    Str: 11    XL:     4   Next: 40%
Magic:  17/17      EV:  9    Int: 16    God:
Gold:   63         SH:  0    Dex: 11    Spells: 1/8 levels left

rFire    . . .     SeeInvis +   a - +3 whip (elec)
rCold    . . .     Faith    .   (no shield)
rNeg     . . .     Spirit   .   c - +0 robe
rPois    +         Reflect  .   (no helmet)
rElec    .         Harm     .   v - +0 cloak
rCorr    .         Rampage  .   (no gloves)
Will     +....                  (no barding)
Stlth    ++........             (no amulet)
HPRegen  0.12/turn              f - ring of willpower
MPRegen  0.15/turn              o - ring of magical power

@: very slow
A: AC +1, large, see invisible, deformed body, poison resistance, slowness 2,
spit poison 1, naga tail 1
a: Spit Poison


You were on level 3 of the Dungeon.
You visited 1 branch of the dungeon, and saw 3 of its levels.

You collected 63 gold pieces.

Inventory:

Hand Weapons
 a - a +3 whip of electrocution (weapon)
 k - a +0 trident
 p - a +0 hunting sling
 s - a +0 rapier
 u - a +2 quarterstaff of chaos
Missiles
 b - 42 stones (quivered)
 q - 29 arrows
 r - 15 poisoned darts
Armour
 c - a +0 robe (worn)
 v - a +0 cloak (worn)
Jewellery
 f - a ring of willpower (left hand)
 n - a ring of fire
 o - a ring of magical power (right hand)
Scrolls
 d - a scroll of amnesia {unknown}
 e - a scroll of summoning {unknown}
 h - a scroll of identify
 i - a scroll of enchant weapon
 m - a scroll of immolation {unknown}
Potions
 g - 2 potions of heal wounds {unknown}
 j - a potion of invisibility {unknown}
 l - a potion of curing {unknown}
 t - a potion of degeneration {unknown}
 w - a potion of haste


   Skills:
 + Level 1.0 Throwing
 - Level 1.5 Dodging
 + Level 3.3 Stealth
 + Level 2.8 Spellcasting
 - Level 1.0 Transmutations
 + Level 5.4 Poison Magic


You had one spell level left.
You knew the following spells:

 Your Spells              Type           Power      Damage    Failure   Level
a - Sting                 Tmut/Pois      48%        1d5       4%          1
c - Mephitic Cloud        Conj/Pois/Air  8%         N/A       26%         3
C - Ignite Poison         Fire/Tmut/Pois 9%         N/A       24%         3

Your spell library contained the following spells:

 Spells                   Type           Power      Damage    Failure   Level
 Poisonous Vapours        Pois/Air       22%        N/A       10%         2
 Olgreb's Toxic Radiance  Pois           19%        N/A       21%         4


Dungeon Overview and Level Annotations

Branches:
Dungeon (3/15)

Altars:

Shops:
D:1 (


Innate Abilities, Weirdness & Mutations

Your serpentine skin is tough. (AC +1)
You have supernaturally acute eyesight. (SInv)
Armour fits poorly on your strangely shaped body.
Your system is resistant to poisons. (rPois)
You cover ground very slowly.
You can spit poison.
You have a snake-like lower body.


Message History

Press: ? - help, Shift-Dir - straight line, f - endoplasm
Aim: an endoplasm The splash of poison hits the endoplasm.
The endoplasm is severely wounded.
Okay, then.
Unknown command.
You hit the endoplasm.
Lightning courses through the endoplasm!
You kill the endoplasm!
You have got your breath back.
A ball python comes into view.
The ball python hisses angrily.
Press: ? - help, Shift-Dir - straight line, f - ball python
Aim: a ball python The splash of poison hits the ball python!
The ball python is poisoned.
You kill the ball python!
You have got your breath back.
Done exploring.
Done exploring.
As you read the scroll labelled GIM HELUPOI, it crumbles to dust.
It is a scroll of enchant weapon.
Your +2 whip of electrocution glows red for a moment.
As you read the scroll labelled YBLOXU GI ROE, it crumbles to dust.
It is a scroll of identify.
w - a potion of haste You see here a +0 leather armour.
There is a stone staircase leading down here.
This spell is quite dangerous to cast!
Memorise Ignite Poison, consuming 3 spell levels and leaving 1?
You start memorising the spell.
You continue memorising. x3
You finish memorising.
Spell assigned to 'b'.
Adjust (i)tems, (s)pells, or (a)bilities?
Adjust which spell? b - Ignite Poison Adjust to which letter?
C - Ignite Poison You climb downwards.
There is a stone staircase leading up here.
Are you sure you want to abandon this character and quit the game? (Confirm with "yes".)

#.#####
#...@.#
#####.#
...
.#.#
.#.# .#
# .# .#


There were no monsters in sight!

Vanquished Creatures
  Crazy Yiuf (D:2)
  An adder (D:2)
  2 dart slugs (D:2)
  4 endoplasms
  4 giant cockroaches
  5 hobgoblins
  4 kobolds
  A quokka (D:1)
  4 ball pythons (D:2)
  A bat (D:2)
  7 goblins
  A rat (D:2)
35 creatures vanquished.

Notes
Turn   | Place    | Note
-------+----------+-------------------------------------------
     0 | D:1      | Meow the Naga Venom Mage began the quest for the Orb.
     0 | D:1      | Reached XP level 1. HP: 15/15 MP: 3/3
    12 | D:1      | Noticed a salamander
    12 | D:1      | Noticed a redback
    12 | D:1      | Noticed a lindwurm
    12 | D:1      | Noticed a swamp drake
   194 | D:1      | Reached XP level 2. HP: 20/22 MP: 5/5
   358 | D:1      | Found Nuteu's Antique Weapon Emporium.
   708 | D:2      | Reached XP level 3. HP: 28/28 MP: 6/6
   712 | D:2      | Learned a level 3 spell: Mephitic Cloud
   745 | D:2      | Reached skill level 5 in Poison Magic
  1265 | D:2      | Found a runed translucent door.
  1266 | D:2      | Noticed Crazy Yiuf
  1279 | D:2      | Killed Crazy Yiuf
  1280 | D:2      | Reached skill level 1 in Throwing
  1280 | D:2      | Reached XP level 4. HP: 36/36 MP: 6/8
  1422 | D:2      | Learned a level 3 spell: Ignite Poison
  1424 | D:3      | Quit the game

Illustrated notes

Levels and vault maps discovered:
D:1:      onia_arrival_zoo_common, layout_rooms, serial_shops,
          nicolae_shop_behind_doors, kennysheep_another_room, minmay_hexomino_c4
D:2:      layout_loops_ring, uniq_crazy_yiuf_cottage
D:3:      layout_loops_ring, kennysheep_generic_room_15

Skill      XL: |  1  2  3 |
---------------+----------+-----
Poison Magic   | 5 |  5.4
Throwing       | 1 |  1.0
Dodging        | |  1.5
Stealth        | |  3.3
Spellcasting   | |  2.8
Transmutations | |  1.0

Action                   |  1- 3 |  4- 6 || total
-------------------------+-------+-------++-------
Melee: Rapier            |     5 |       ||     5
       Whip              |       |     1 ||     1
Throw: Stone             |    17 |       ||    17
 Cast: Sting             |    26 |       ||    26
       Mephitic Cloud    |     1 |       ||     1
 Abil: Spit Poison       |    34 |     2 ||    36
  Use: Scroll            |       |     2 ||     2
Armor: Robe              |     2 |       ||     2
Dodge: Dodged            |     8 |       ||     8

Table legend: (Time is in decaauts)
 A = Elapsed time spent in this place.
 B = Non-inter-level travel time spent in this place.
 C = Inter-level travel time spent in this place.
 D = Time resting spent in this place.
 E = Time spent auto-exploring this place.
 F = Levels seen in this place.
 G = Mean time per level.
                   A        B        C        D        E       F      G
               +--------+--------+--------+--------+--------+-----+--------+
         Total |   1852 |   1764 |     88 |    188 |   1281 |   3 |  617.3 |
       Dungeon |   1852 |   1764 |     88 |    188 |   1281 |   3 |  617.3 |
               +--------+--------+--------+--------+--------+-----+--------+

Top non-repeatable levels by time:
     D:2: 1123 daAuts
     D:1: 728 daAuts
     D:3: 0 daAuts
